 Dungeon Crawl Stone Soup version 0.23-a0-577-g2b1de94 (webtiles) character file.

86 cerealjynx the Insei (level 4, 0/34 HPs)
             Began as a Gnoll Transmuter on Dec 15, 2018.
             Succumbed to a kobold's poison
             ... on level 3 of the Dungeon.
             The game lasted 00:02:56 (1952 turns).

cerealjynx the Insei (Gnoll Transmuter)             Turns: 1952, Time: 00:02:57

Health: 0/34       AC:  3    Str: 12    XL:     4   Next: 50%
Magic:  5/11       EV: 15    Int: 17    God:
Gold:   138        SH:  0    Dex: 15    Spells: 3/13 levels left

rFire    . . .     SeeInvis .     - Unarmed
rCold    . . .     Gourm    .   (no shield)
rNeg     . . .     Faith    .   b - +0 robe
rPois    .         Spirit   +   (no helmet)
rElec    .         Reflect  .   o - scarf {Spirit}
rCorr    .         Harm     .   (no gloves)
MR       .....                  c - +0 pair of boots
Stlth    ++........             i - amulet of rage {+Rage, !d}
HPRegen  0.11/turn              (no ring)
MPRegen  0.12/turn              (no ring)

@: lethally poisoned (0 -> -6), berserk cooldown, hasted and slowed
A: distributed training, fangs 1, strong nose
a: Evoke Berserk Rage


You were on level 3 of the Dungeon.
You were hungry.

You visited 1 branch of the dungeon, and saw 3 of its levels.

You collected 138 gold pieces.

Inventory:

Missiles
 a - 11 arrows
 h - 23 stones (quivered)
 m - a throwing net {=f, !d}
 s - 26 sling bullets
Armour
 b - a +0 robe (worn)
 c - a +0 pair of boots (worn)
   (You found it on level 1 of the Dungeon)
 o - a scarf of spirit shield (worn)
   (You found it on level 2 of the Dungeon)
Jewellery
 i - an amulet of rage (around neck) {+Rage, !d}
   (You found it on level 1 of the Dungeon)
 n - an uncursed amulet of guardian spirit {Spirit}
   (You found it on level 2 of the Dungeon)
Scrolls
 f - a scroll of enchant weapon {unknown}
 g - 3 scrolls of enchant armour {unknown}
 k - 2 scrolls of remove curse {unknown}
 p - a scroll of random uselessness {unknown}
 t - 2 scrolls of identify {unknown}
 u - a scroll of blinking {unknown}
 v - a scroll of teleportation {unknown}
Potions
 l - a potion of haste
Comestibles
 d - 5 rations
 q - a chunk of flesh {@w0}


   Skills:
 + Level 2.7 Fighting
 + Level 1.1 Short Blades
 + Level 1.1 Long Blades
 + Level 1.1 Axes
 + Level 1.1 Maces & Flails
 + Level 1.1 Polearms
 + Level 1.1 Staves
 + Level 1.1 Slings
 + Level 1.1 Bows
 + Level 1.1 Crossbows
 + Level 1.1 Throwing
 + Level 1.1 Armour
 + Level 4.6 Dodging
 + Level 1.1 Stealth
 + Level 1.1 Shields
 + Level 6.6 Unarmed Combat
 + Level 5.1 Spellcasting
 + Level 0.9 Conjurations
 + Level 0.9 Hexes
 + Level 0.9 Charms
 + Level 0.9 Summonings
 + Level 0.9 Necromancy
 + Level 0.9 Translocations
 + Level 3.8 Transmutations
 + Level 0.9 Fire Magic
 + Level 0.9 Ice Magic
 + Level 0.9 Air Magic
 + Level 0.9 Earth Magic
 + Level 0.9 Poison Magic
 + Level 1.2 Invocations
 + Level 1.1 Evocations


You had 3 spell levels left.
You knew the following spells:

 Your Spells              Type           Power        Failure   Level  Hunger
a - Beastly Appendage     Tmut           ###...       3%          1    None
b - Ice Form              Ice/Tmut       ##......     45%         4    ####...
c - Spider Form           Tmut/Pois      ##........   16%         3    ###....
s - Sticks to Snakes      Tmut           ###.....     4%          2    #......

Your spell library contained the following spells:

 Spells                   Type           Power        Failure   Level  Hunger
 Blade Hands              Tmut           ###.......   63%         5    ######.


Dungeon Overview and Level Annotations

Branches:
Dungeon (3/15)

Altars:


Innate Abilities, Weirdness & Mutations

Your experience applies equally to all skills.
You have very sharp teeth.
Your uncanny sense of smell can sniff out nearby items.


Message History

You are poisoned.
Your ball python bites Terence but does no damage.
Your ball python constricts Terence.
You hit Terence but do no damage.
You feel sick. Terence hits you with a +0 flail!
Your ball python bites Terence.
Your ball python constricts Terence.
You take 9 damage, and have 11/34 hp.
MASSIVE DAMAGE!!
You hit Terence.
Terence looks as sick as possible!
Your transformation is almost over.
* * * LOW HITPOINT WARNING * * *
You feel sick.
Your ball python bites Terence but does no damage.
Your ball python constricts Terence.
Terence misses your ball python.
You take 1 damage, and have 10/34 hp.
* * * LOW HITPOINT WARNING * * *
You feel sick.
Your ball python bites Terence but does no damage.
Your ball python constricts Terence.
Terence closely misses your ball python.
Some of the chunks of flesh in your inventory have rotted away.
You see here a lumpy orange potion.
You take 1 damage, and have 9/34 hp.
It was a potion of haste.
You feel yourself speed up.
* * * LOW HITPOINT WARNING * * *
You feel sick.
You kill Terence!
Your ball python bites the kobold but does no damage.
Your ball python grabs the kobold.
Your ball python constricts the kobold.
The kobold shoots a poisoned needle.
The poisoned needle hits your ball python!
Your ball python is poisoned.
You take 2 damage, and have 7/34 hp.
It was a potion of flight.
You feel very buoyant.
You fly up into the air.
Your ball python bites the kobold.
Your ball python constricts the kobold.
The kobold unwields a +0 blowgun.
The kobold closely misses your ball python.
It was a potion of agility.
You feel agile all of a sudden.
* * * LOW HITPOINT WARNING * * *
You feel sick.
Your ball python barely misses the kobold.
Your ball python constricts the kobold.
You take 1 damage, and have 6/34 hp.
It was a potion of cancellation.
Your magical effects are unravelling.
You feel magically purged.
Your magical contamination has completely faded away.
Your transformation has ended.
Your scarf of spirit shield unmelds from your body.
Your +0 pair of boots unmelds from your body.
Your +0 robe unmelds from your body.
You feel spirits watching over you.
You feel yourself slow down.
You float gracefully downwards.
You feel a little less agile now.
* * * LOW HITPOINT WARNING * * *
You feel sick.
Your ball python dies!
The kobold wields a +0 blowgun.
The kobold shoots a poisoned needle.
The poisoned needle closely misses you.
You take 1 damage, and have 5/34 hp.
It was a potion of berserk rage.
A red film seems to cover your vision as you go berserk!
You feel yourself moving faster!
You feel mighty!
* * * LOW HITPOINT WARNING * * *
You feel sick.
You now have 7/51 hp.
You feel a strong urge to attack something.
Things that are here:
a +0 flail; a cursed +0 chain mail; the human corpse of Terence You punch the kobold!
You kill the kobold!
* * * LOW HITPOINT WARNING * * *
You feel sick.
You take 1 damage, and have 6/51 hp.
* * * LOW HITPOINT WARNING * * *
You feel sick.
Items here: $ ( ) † a +0 blowgun; 3 gold pieces; 14 poisoned needles; a kobold corpse You take 1 damage, and have 5/51 hp.
You feel a strong urge to attack something.
Things that are here:
a +0 flail; a cursed +0 chain mail; the human corpse of Terence You are no longer berserk.
You are exhausted.
You feel yourself slow down.
* * * LOW HITPOINT WARNING * * *
You feel sick.
You see here a potion of haste.
You now have 3/34 hp.
l - 2 potions of haste (gained 1)
* * * LOW HITPOINT WARNING * * *
You feel sick.
You take 1 damage, and have 2/34 hp.
You feel yourself speed up.
* * * LOW HITPOINT WARNING * * *
You feel sick.
You take 1 damage, and have 1/34 hp.
You see here a poisoned needle.
You die...

#.<÷....... ....(.########
#.############.....>......
#.#########...............
..........................
#.######.#####.##()#.###
#.######.# #.##()#.#
..)......# #.##....#
#........# #.#.(.#.#
#.###.#..#####.#@###.#
#..............#.# #
......#.###.####.#
#[###............# #.#
#.#.###.###..# #.# #.#.#
#.# #..# #.# #.#.# #.#
#..#. #.###[#.###.###....
...##.#.##.........


There were no monsters in sight!

Vanquished Creatures
  Terence (D:3)
  2 adders (D:2)
  3 dart slugs (D:1)
  An orc (D:3)
  3 bats (D:1)
  2 giant cockroaches (D:1)
  6 goblins
  8 hobgoblins
  2 jackals (D:1)
  2 quokkas
  3 frilled lizards
  3 kobolds
  4 rats (D:1)
40 creatures vanquished.

Notes
Turn   | Place    | Note
-------+----------+-------------------------------------------
     0 | D:1      | cerealjynx the Gnoll Transmuter began the quest for the
                  | Orb.
     0 | D:1      | Reached XP level 1. HP: 17/17 MP: 6/6
    59 | D:1      | HP: 1/17 [dart slug/slug dart (4)]
   434 | D:1      | Reached XP level 2. HP: 22/23 MP: 5/7
   458 | D:1      | Learned a level 2 spell: Sticks to Snakes
   812 | D:1      | Reached XP level 3. HP: 28/28 MP: 7/9
   817 | D:1      | Learned a level 3 spell: Spider Form
   835 | D:1      | Reached skill level 5 in Spellcasting
  1285 | D:2      | Reached skill level 1 in Invocations
  1615 | D:2      | Reached skill level 1 in Short Blades
  1615 | D:2      | Reached skill level 1 in Long Blades
  1615 | D:2      | Reached skill level 1 in Axes
  1615 | D:2      | Reached skill level 1 in Maces & Flails
  1615 | D:2      | Reached skill level 1 in Polearms
  1615 | D:2      | Reached skill level 1 in Staves
  1615 | D:2      | Reached skill level 1 in Slings
  1615 | D:2      | Reached skill level 1 in Bows
  1615 | D:2      | Reached skill level 1 in Crossbows
  1615 | D:2      | Reached skill level 1 in Throwing
  1615 | D:2      | Reached skill level 1 in Armour
  1615 | D:2      | Reached skill level 1 in Stealth
  1615 | D:2      | Reached skill level 1 in Shields
  1615 | D:2      | Reached skill level 1 in Evocations
  1615 | D:2      | Reached XP level 4. HP: 34/34 MP: 7/11
  1623 | D:2      | Learned a level 4 spell: Ice Form
  1926 | D:3      | Noticed Terence
  1939 | D:3      | HP: 7/34 [poisoned by a kobold]
  1939 | D:3      | Killed Terence
  1945 | D:3      | HP: 6/51 [poisoned by a kobold]
  1949 | D:3      | HP: 2/34 [poisoned by a kobold]
  1952 | D:3      | Succumbed to a kobold's poison

Vault maps used:
D:1:      psy_arrival_heroes
D:3:      cheibrodos_thug_alley, uniq_terence

Skill      XL: |  1  2  3 |
---------------+----------+-----
Spellcasting   | 5 |  5.1
Invocations    | 1 |  1.2
Short Blades   | 1 |  1.1
Long Blades    | 1 |  1.1
Axes           | 1 |  1.1
Maces & Flails | 1 |  1.1
Polearms       | 1 |  1.1
Staves         | 1 |  1.1
Slings         | 1 |  1.1
Bows           | 1 |  1.1
Crossbows      | 1 |  1.1
Throwing       | 1 |  1.1
Armour         | 1 |  1.1
Stealth        | 1 |  1.1
Shields        | 1 |  1.1
Evocations     | 1 |  1.1
Fighting       | |  2.7
Dodging        | |  4.6
Unarmed Combat | |  6.6
Conjurations   | |  0.9
Hexes          | |  0.9
Charms         | |  0.9
Summonings     | |  0.9
Necromancy     | |  0.9
Translocations | |  0.9
Transmutations | |  3.8
Fire Magic     | |  0.9
Ice Magic      | |  0.9
Air Magic      | |  0.9
Earth Magic    | |  0.9
Poison Magic   | |  0.9

Action                   |  1- 3 |  4- 6 || total
-------------------------+-------+-------++-------
Melee: Unarmed           |    81 |    17 ||    98
       Headbutt          |     8 |       ||     8
       Bite              |     6 |     2 ||     8
       Punch             |     1 |       ||     1
Throw: Stone             |    48 |     6 ||    54
 Cast: Beastly Appendage |     8 |       ||     8
       Spider Form       |     3 |     2 ||     5
       Sticks to Snakes  |       |     1 ||     1
  Use: Potion            |       |     6 ||     6
 Stab: Sleeping          |       |     1 ||     1
  Eat: Chunk             |     2 |     1 ||     3
Armor: Robe              |    11 |       ||    11
       Skin              |     1 |       ||     1
Dodge: Dodged            |    73 |     9 ||    82

Table legend:
 A = Non-vault XP
 B = Vault XP
 C = Vault XP percentage of total XP
 D = Non-vault monster count
 E = Vault monster count
 F = Vault count percentage of total count
                 A         B        C        D         E       F
            +---------+---------+-------+---------+---------+-------
      Total |      95 |      29 |  23.4 |      39 |       1 |   2.5
            +---------+---------+-------+---------+---------+-------
        D:1 |      48 |       0 |   0.0 |      26 |       0 |   0.0
        D:2 |      40 |       0 |   0.0 |       9 |       0 |   0.0
        D:3 |       7 |      29 |  80.6 |       4 |       1 |  20.0
            +---------+---------+-------+---------+---------+-------

Vault maps used:
D:1:      psy_arrival_heroes
D:3:      cheibrodos_thug_alley, uniq_terence

Table legend:
 A = Turns spent in this place as a percentage of turns spent in the entire game.
 B = Non-inter-level travel turns spent in this place as a percentage of non-inter-level travel turns spent in the entire game.
 C = Inter-level travel turns spent in this place as a percentage of turns spent in this place.
 D = Turns resting spent in this place as a percentage of non-inter-level travel turns spent in this place.
 E = Turns spent auto-exploring this place as a percentage of non-inter-level travel turns spent in this place.
 F = Non-inter-level travel turns spent in this place divided by the number of levels of this place that you've seen.
                   A       B       C       D       E      F
               +-------+-------+-------+-------+-------+----------------------
         Total | 100.0 | 100.0 |   1.6 |  25.2 |  58.2 | 640.0
       Dungeon | 100.0 | 100.0 |   1.6 |  25.2 |  58.2 | 640.0
               +-------+-------+-------+-------+-------+----------------------

Table legend:
 A = Kills in this place as a percentage of kills in entire the game.
 B = Kills by you in this place as a percentage of kills by you in the entire game.
 C = Kills by friends in this place as a percentage of kills by friends in the entire game.
 D = Other kills in this place as a percentage of other kills in the entire game.
 E = Experience gained in this place as a percentage of experience gained in the entire game.
 F = Experience gained in this place divided by the number of levels of this place that you have seen.
                   A       B       C       D       E      F
               +-------+-------+-------+-------+-------+----------------------
         Total | 100.0 | 100.0 |   N/A |   N/A | 100.0 |  41.3
       Dungeon | 100.0 | 100.0 |   N/A |   N/A | 100.0 |  41.3
               +-------+-------+-------+-------+-------+----------------------
